Map: Acid Plant LE

Players

MaNa

  • Race: Protoss Protoss
  • Spawn Location: 5:00

Bly - Winner!

  • Race: Zerg Zerg
  • Spawn Location: 11:00

Event: WCS Valencia 2018

VOD

Have the link to the VOD?

Description

Time

  • Played on: July 12, 2018, 2:34 p.m.
  • Length: 9:53

All games in this series

Show
View Real Time Build Order
Export as new Build Order

MaNa Protoss 

Build Orders: 1 Gate Expand, Oracle Opening, Phoenix Opening, Mass Phoenix 

Get SALT Encoding   

  12  0:00  Probe  
  13  0:12  Probe  
  14  0:17  Pylon  
  14  0:24  Probe  
  15  0:32  Probe  
  15  0:37  Assimilator  
  15  0:40  Probe  
  16  0:48  Gateway  
  17  0:50  Probe  
  18  0:58  Probe  
  19  1:06  Probe  
  20  1:27  Nexus  
  20  1:37  Cybernetics Core  
  20  1:41  Probe  
  21  1:48  Assimilator  
  21  1:53  Probe  
  22  1:58  Pylon  
  22  2:05  Probe  
  23  2:13  Probe  
  23  2:16  Adept  
  23  2:20  Stargate  
  23  2:21  Probe  
  26  2:27  Warp Gate  
  27  2:31  Probe  
  28  2:37  Adept, Pylon  
  28  2:41  Probe  
  28  2:43  Probe  
  31  2:53  Probe  
  31  2:56  Probe  
  33  3:03  Gateway  
  33  3:05  Probe, Phoenix  
  34  3:08  Probe  
  35  3:17  Probe  
  38  3:21  Pylon  
  38  3:24  Probe  
  39  3:29  Probe  
  39  3:30  Oracle  
  43  3:43  Probe, Assimilator  
  43  3:44  Assimilator, Probe  
  43  3:46  Adept  
  45  3:51  Probe  
  45  3:53  Stargate  
  45  3:56  Probe  
  45  4:00  Probe  
  45  4:02  Pylon  
  47  4:08  Probe, Phoenix  
  47  4:09  Probe  
  52  4:17  Probe  
  52  4:20  Probe  
  54  4:25  Probe  
  55  4:31  Adept x2  
  55  4:32  Probe  
  55  4:33  Phoenix  
  62  4:44  Pylon  
  62  4:46  Pylon  
  62  5:02  Phoenix  
  62  5:03  Phoenix  
  66  5:07  Pylon  
  66  5:09  Nexus  
  66  5:26  Shield Battery  
  66  5:27  Phoenix  
  66  5:28  Zealot, Phoenix  
  70  5:29  Shield Battery, Adept  
  74  5:35  Shield Battery  
  74  5:41  Probe x2  
  76  5:49  Sentry x2  
  80  5:52  Phoenix  
  80  5:53  Probe x2  
  80  5:54  Shield Battery  
  84  6:05  Probe x2  
  84  6:07  Twilight Council, Forge  
  86  6:20  Probe x2, Pylon  
  86  6:21  Pylon  
  86  6:24  Probe  
  89  6:32  Probe x2  
  89  6:34  Protoss Ground Weapons Level 1, Charge  
  89  6:36  Probe  
  90  6:40  Zealot x2  
  90  6:43  Robotics Facility  
  90  6:45  Probe x2  
  96  6:57  Gateway  
  96  6:59  Gateway  
  96  7:00  Gateway, Probe x2  
  96  7:01  Probe  
  98  7:12  Probe x2  
  98  7:13  Probe  
  95  7:16  Gateway  
  95  7:17  Gateway  
  95  7:21  Assimilator  
  95  7:22  Warp Prism  
  95  7:24  Probe  
  95  7:25  Gateway  
  95  7:26  Templar Archives  
  95  7:27  Zealot  
  95  7:29  Probe x2  
  99  7:33  Zealot  
  99  7:36  Pylon  
  102  7:39  Assimilator, Pylon  
  102  7:48  Warp Prism  
  101  7:57  Zealot x4  
  111  8:19  High Templar x3  
  117  8:20  High Templar x3  
  117  8:21  High Templar x2  
  117  8:25  Archon x2  
  117  8:26  Pylon, Archon x2  
  125  8:27  Pylon, Probe x2  
  125  8:31  Psionic Storm  
  121  8:48  Gateway  
  121  8:50  Gateway  
  119  8:56  Zealot x8  
  121  9:16  Zealot x5  
  121  9:17  Zealot x3  
  74  9:39  High Templar x2  
  74  9:40  Zealot x3, High Templar x2  
  74  9:43  Archon x2  
  80  9:50  Zealot x2  
Show
View Real Time Build Order
Export as new Build Order

Bly Zerg - Winner!

Build Orders: Hatch First 

Get SALT Encoding   

  12  0:01  Drone  
  13  0:13  Overlord  
  13  0:17  Drone  
  14  0:31  Drone  
  14  0:32  Drone  
  16  0:35  Drone  
  17  0:51  Hatchery  
  16  0:57  Drone  
  16  0:59  Drone  
  16  1:02  Extractor  
  17  1:14  Spawning Pool  
  17  1:18  Drone  
  17  1:21  Drone  
  18  1:29  Drone  
  19  1:42  Overlord  
  19  1:53  Drone  
  20  2:00  Queen  
  22  2:01  Zergling x2  
  22  2:03  Zergling x2, Queen  
  26  2:09  Metabolic Boost  
  26  2:14  Drone  
  27  2:17  Drone  
  28  2:29  Drone x2  
  30  2:42  Drone  
  30  2:43  Drone  
  32  2:50  Overlord  
  32  2:54  Hatchery  
  32  2:55  Drone x2  
  33  3:00  Queen  
  35  3:11  Overlord, Drone x2  
  37  3:16  Drone  
  38  3:20  Drone x4  
  42  3:32  Overlord  
  42  3:39  Spore Crawler  
  42  3:43  Extractor  
  42  3:45  Drone x3  
  43  3:52  Lair, Drone x2  
  43  3:53  Drone x3  
  48  4:04  Drone x2  
  48  4:05  Spore Crawler  
  48  4:06  Drone  
  48  4:07  Queen  
  52  4:13  Drone  
  53  4:17  Drone x2  
  53  4:20  Spore Crawler  
  53  4:21  Extractor, Drone x3  
  53  4:22  Drone x2  
  58  4:29  Overlord x2  
  58  4:34  Overlord  
  56  4:39  Queen  
  56  4:44  Zergling x2  
  57  4:51  Overlord  
  57  4:52  Zergling x18  
  66  4:53  Zergling x2  
  66  4:56  Zergling x2  
  68  5:00  Extractor  
  68  5:01  Hydralisk Den  
  68  5:02  Zergling x4  
  68  5:03  Zergling x2  
  68  5:14  Drone x3  
  68  5:17  Spore Crawler  
  69  5:24  Drone x8  
  77  5:30  Muscular Augments  
  77  5:33  Drone x3  
  77  5:34  Drone  
  80  5:38  Overlord  
  80  5:42  Overlord  
  80  5:48  Drone x4  
  82  5:53  Drone  
  81  5:58  Drone x5  
  81  5:59  Drone x4  
  90  6:08  Overlord  
  90  6:11  Overlord  
  90  6:18  Extractor  
  84  6:25  Extractor  
  84  6:27  Spore Crawler  
  84  6:28  Spore Crawler  
  75  6:33  Drone x4  
  75  6:34  Drone x10  
  86  6:40  Hatchery  
  86  6:43  Drone x2  
  87  6:47  Spore Crawler  
  81  6:54  Overlord  
  81  6:59  Evolution Chamber  
  79  7:02  Grooved Spines  
  77  7:10  Hydralisk x10  
  96  7:20  Queen  
  96  7:21  Hydralisk x4  
  106  7:29  Overlord  
  106  7:31  Overlord x2  
  106  7:35  Zerg Melee Weapons Level 1  
  106  7:37  Baneling Nest  
  106  7:40  Overseer  
  105  7:46  Overlord x2  
  105  7:56  Hydralisk x8  
  121  8:02  Overlord  
  121  8:03  Drone x2  
  123  8:08  Drone x2  
  123  8:09  Drone  
  123  8:12  Overlord  
  126  8:13  Drone x4  
  126  8:14  Drone x2  
  132  8:36  Zergling x2  
  132  8:37  Zergling x18  
  132  8:40  Hatchery  
  141  8:42  Overlord  
  141  8:46  Baneling x2  
  141  8:47  Baneling x6  
  141  8:51  Overlord  
  141  8:52  Spore Crawler  
  138  8:58  Zergling x22  
  147  9:07  Baneling x12  
  132  9:23  Hydralisk x9  
Tags
 
Add a new tag
Caveats
  • Supply blocks, unpowered buildings, or Contaminate may cause inaccurate times.
  • Supply counts are checked every 10 seconds.